 Dungeon Crawl Stone Soup version 0.24.0-1-gfbc8707 (webtiles) character file.

Game seed: 7006146454921823417, levelgen mode: deterministic

56 Faca the Slasher (level 3, 0/31 HPs)
             Began as a Gnoll Wanderer on Nov 7, 2019.
             Slain by a gnoll
             ... wielding a +0 flail
              (8 damage)
             ... on level 1 of the Dungeon.
             The game lasted 00:02:29 (1365 turns).

Faca the Slasher (Gnoll Wanderer)                   Turns: 1365, Time: 00:02:29

Health: 0/31       AC:  6    Str: 17    XL:     3   Next: 97%
Magic:  5/5        EV: 11    Int: 14    God:
Gold:   50         SH:  0    Dex: 10    Spells: 4/4 levels left

rFire    . . .     SeeInvis .   a - +2 falchion
rCold    . . .     Gourm    .   (no shield)
rNeg     . . .     Faith    .   b - +0 ring mail
rPois    .         Spirit   .   (no helmet)
rElec    .         Reflect  .   (no cloak)
rCorr    .         Harm     .   (no gloves)
MR       .....     Rnd*Tele +   g - +0 pair of boots
Stlth    +.........             (no amulet)
HPRegen  0.10/turn              q - -2 ring of dexterity (curse)
MPRegen  0.09/turn              t - ring of teleportation (curse)

@: no status effects
A: distributed training, fangs 1, strong nose
a: no special abilities


You were on level 1 of the Dungeon.
You were hungry.

You visited 1 branch of the dungeon, and saw 2 of its levels.

You collected 50 gold pieces.

Inventory:

Hand Weapons
 a - a +2 falchion (weapon)
Missiles
 v - a throwing net (quivered)
Armour
 b - a +0 ring mail (worn)
 g - a +0 pair of boots (worn)
Jewellery
 q - a cursed -2 ring of dexterity (left hand)
 t - a cursed ring of teleportation (right hand)
Wands
 c - a wand of random effects (15)
Scrolls
 h - a scroll of enchant weapon {unknown}
 j - a scroll of remove curse {unknown}
 k - a scroll of identify {unknown}
 n - 3 scrolls of fog {unknown}
 s - a scroll of teleportation {unknown}
 u - a scroll of magic mapping {unknown}
Potions
 e - a potion of cancellation {unknown}
 f - a potion of berserk rage {unknown}
 i - 2 potions of heal wounds {unknown}
 l - a potion of brilliance {unknown}
 m - a potion of agility {unknown}
 o - 2 potions of resistance {unknown}
 p - a potion of lignification {unknown}
Comestibles
 d - 3 rations


   Skills:
 + Level 4.6 Fighting
 + Level 1.0 Short Blades
 + Level 6.5 Long Blades
 + Level 1.0 Axes
 + Level 1.0 Maces & Flails
 + Level 1.0 Polearms
 + Level 1.0 Staves
 + Level 1.0 Slings
 + Level 1.0 Bows
 + Level 2.6 Crossbows
 + Level 1.0 Throwing
 + Level 2.6 Armour
 + Level 2.6 Dodging
 + Level 2.4 Stealth
 + Level 1.0 Shields
 + Level 1.0 Unarmed Combat
 + Level 1.0 Spellcasting
 + Level 0.7 Conjurations
 + Level 0.7 Hexes
 + Level 0.7 Charms
 + Level 0.7 Summonings
 + Level 0.7 Necromancy
 + Level 0.7 Translocations
 + Level 0.7 Transmutations
 + Level 0.7 Fire Magic
 + Level 0.7 Ice Magic
 + Level 0.7 Air Magic
 + Level 0.7 Earth Magic
 + Level 0.7 Poison Magic
 + Level 1.0 Invocations
 + Level 2.6 Evocations


You had 4 spell levels left.
You didn't know any spells.
Your spell library was empty.

Dungeon Overview and Level Annotations

Branches:
Dungeon (2/15)

Altars:


Innate Abilities, Weirdness & Mutations

Your experience applies equally to all skills.
You have very sharp teeth.
Your uncanny sense of smell can sniff out nearby items.


Message History

You start resting.
Magic restored.
You start resting.
HP restored.
You climb downwards.
You are feeling hungry.
There is a stone staircase leading up here.
You closely miss the gnoll. Your bite misses the gnoll.
The gnoll hits you with a +0 flail! The gnoll hits you with a +0 flail!
The gnoll hits you from afar with a +3 spear!
* * * LOW HITPOINT WARNING * * *
You climb upwards.
There is a stone staircase leading down here.
You closely miss the gnoll. You bite the gnoll.
The gnoll is lightly wounded.
You hit the gnoll.
The gnoll is heavily wounded.
The gnoll hits you with a +0 flail!
You die...

.....########.##.................
......##...................####..
......##.........................
......##....รท..............####..
......##...................# #..
......##......#............# #..
##..#.##......#............# #..
#..#.##(.....#............# ###
#..#...........@..........#
#..############g..........# #..#
#.#'######### #..# #.#.# #..#
#.#.# #..######### #.#.#
#..........# #.#.# #.########.#
#.#.# #.# #.####.#.#


You could see a gnoll.

Vanquished Creatures
  A gnoll (D:1)
  2 worms (D:2)
  2 dart slugs
  4 leopard geckos
  5 bats
  6 goblins
  4 hobgoblins
  A quokka (D:2)
  3 frilled lizards
  4 kobolds (D:1)
  A rat (D:2)
33 creatures vanquished.

Notes
Turn   | Place    | Note
-------+----------+-------------------------------------------
     0 | D:1      | Faca the Gnoll Wanderer began the quest for the Orb.
     0 | D:1      | Faca set off with the following items: a +2 falchion, a +0
                  | ring mail, a wand of random effects (15), a ration
     0 | D:1      | Reached XP level 1. HP: 20/20 MP: 2/2
    32 | D:1      | Reached XP level 2. HP: 21/26 MP: 3/3
   553 | D:1      | Reached XP level 3. HP: 31/31 MP: 4/4
   827 | D:2      | Reached skill level 1 in Invocations
  1126 | D:1      | Reached skill level 1 in Short Blades
  1126 | D:1      | Reached skill level 1 in Axes
  1126 | D:1      | Reached skill level 1 in Maces & Flails
  1126 | D:1      | Reached skill level 1 in Polearms
  1126 | D:1      | Reached skill level 1 in Staves
  1126 | D:1      | Reached skill level 1 in Slings
  1126 | D:1      | Reached skill level 1 in Bows
  1126 | D:1      | Reached skill level 1 in Throwing
  1126 | D:1      | Reached skill level 1 in Shields
  1126 | D:1      | Reached skill level 1 in Unarmed Combat
  1126 | D:1      | Reached skill level 1 in Spellcasting
  1365 | D:1      | Slain by a gnoll

Levels and vault maps discovered:
D:1:      dpeg_arrival_rooms_with_view, layout_basic
D:2:      layout_basic

Skill      XL: |  1  2  3 |
---------------+----------+-----
Invocations    | 1 |  1.0
Short Blades   | 1 |  1.0
Axes           | 1 |  1.0
Maces & Flails | 1 |  1.0
Polearms       | 1 |  1.0
Staves         | 1 |  1.0
Slings         | 1 |  1.0
Bows           | 1 |  1.0
Throwing       | 1 |  1.0
Shields        | 1 |  1.0
Unarmed Combat | 1 |  1.0
Spellcasting   | 1 |  1.0
Fighting       | |  4.6
Long Blades    | |  6.5
Crossbows      | |  2.6
Armour         | |  2.6
Dodging        | |  2.6
Stealth        | |  2.4
Conjurations   | |  0.7
Hexes          | |  0.7
Charms         | |  0.7
Summonings     | |  0.7
Necromancy     | |  0.7
Translocations | |  0.7
Transmutations | |  0.7
Fire Magic     | |  0.7
Ice Magic      | |  0.7
Air Magic      | |  0.7
Earth Magic    | |  0.7
Poison Magic   | |  0.7
Evocations     | |  2.6

Action                   || total
-------------------------++-------
Melee: Falchion          ||    96
       Bite              ||    11
 Stab: Sleeping          ||     1
  Eat: Chunk             ||     1
Armor: Ring mail         ||    31
Dodge: Dodged            ||    49
       Rpst.: Falchion   ||    16
